 Dungeon Sprint DCSS version 0.31.0-12-g77e489cdc1 (webtiles) character file.

Game seed: 8110915393459323439

100 Groucho the Trooper (level 4, -1/67 HPs)
             Began as a Naga Fighter on Feb 25, 2024.
             Slain by a gnoll sergeant
             ... wielding a +1 trident of venom
              (3 damage)
             ... in the Dungeon (Sprint IX: "|||||||||||||||||||||||||||||").
             The game lasted 00:00:27 (239 turns).

Groucho the Trooper (Naga Fighter)                   Turns: 239, Time: 00:00:28

Health: -1/67      AC:  5    Str: 18    XL:     4   Next: 74%
Magic:  3/7        EV:  7    Int:  9    God:
Gold:   0          SH:  5    Dex: 12    Spells: 3/3 levels left

rFire   . . .        a - +0 war axe
rCold   . . .        c - +0 buckler
rNeg    . . .        b - +0 scale mail
rPois   +            (no helmet)
rElec   .            (no cloak)
rCorr   .            (no gloves)
SInv    +            (no barding)
Will    .....        (no amulet) Stlth
                     (no ring)
HPRegen 0.31/turn    (no ring)
MPRegen 0.10/turn

%: no teleportation
@: berserking, lethally poisoned (-1 -> -20), hasted, quick
A: AC +1, large, see invisible, deformed body, poison resistance, slowness 2,
spit poison 1, naga tail 1
a: Spit Poison


You were in the Dungeon.
You visited 1 branch

Inventory:

Hand Weapons
 a - a +0 war axe (weapon)
Armour
 b - a +0 scale mail (worn)
 c - a +0 buckler (worn)
Scrolls
 j - a scroll of blinking
Potions
 d - a potion of might
 e - a potion of curing
 h - 2 potions of magic


   Skills:
 + Level 4.9 Fighting
 + Level 4.4 Axes
 + Level 4.1 Armour
 + Level 4.5 Shields
 + Level 4.1 Invocations


You had 3 spell levels left.
You didn't know any spells.
Your spell library was empty.

Dungeon Overview and Level Annotations

Branches:
Dungeon (1/1)

Altars:


Innate Abilities, Weirdness & Mutations

Your serpentine skin is tough. (AC +1)
You have supernaturally acute eyesight. (SInv)
Armour fits poorly on your strangely shaped body.
Your system is resistant to poisons. (rPois)
You cover ground very slowly.
You can spit poison.
You have a snake-like lower body.


Message History

The gnoll sergeant hits you from afar with a +1 trident of venom!
You are poisoned.
The black bear bites you. The black bear claws you.
You block the black bear's attack.
You barely miss the black bear.
You feel sick. You block the gnoll sergeant's attack.
The black bear bites you but does no damage.
The black bear claws you.
The black bear claws you but does no damage.
You slash the black bear!
The black bear is heavily wounded.
You feel sick. The black bear barely misses you.
The black bear claws you but does no damage.
The black bear claws you.
The gnoll sergeant hits you from afar with a +1 trident of venom.
You are more poisoned.
Unknown command.
Unknown command.
You slice the black bear!!
You kill the black bear!
You feel very sick.
The gnoll sergeant hits you from afar with a +1 trident of venom!
* * * LOW HITPOINT WARNING * * *
You are more poisoned.
Your Fighting skill increases to level 4!
Your Axes skill gained 2 levels and is now at level 4!
Your Armour skill gained 2 levels and is now at level 4!
Your Shields skill increases to level 4!
Your Invocations skill gained 3 levels and is now at level 4!
You have reached level 3!
Your experience leads to an increase in your attributes!
Increase (S)trength, (I)ntelligence, or (D)exterity?
You feel agile. x2; Your skin feels tougher.
You have reached level 4!
You feel clever.
Unknown command.
* * * LOW HITPOINT WARNING * * *
You feel very sick.
The gnoll sergeant hits you with a +1 trident of venom.
You die...

▓+▓
▓.▓
▓l▓
▓S▓
▓B▓
▓g▓
▓@▓
▓.▓
▓.▓
▓.▓
▓.▓
▓.▓
▓)▓
▓.▓
▓.▓


You could see a water moccasin, a gnoll sergeant, a bombardier beetle and an
iguana.

Vanquished Creatures
  A black bear (D)
  A dart slug (D)
  An endoplasm (D)
  A goblin (D)
  A hobgoblin (D)
  A ball python (D)
6 creatures vanquished.

Notes
Turn   | Place    | Note
-------+----------+-------------------------------------------
     0 | D        | Groucho the Naga Fighter began the quest for the Orb.
     0 | D        | Reached XP level 1. HP: 21/21 MP: 1/1
     6 | D        | Reached skill level 1 in Invocations
    11 | D        | Reached XP level 2. HP: 24/28 MP: 1/3
   232 | D        | Noticed a water moccasin
   232 | D        | Noticed a bombardier beetle
   232 | D        | Noticed a gnoll sergeant
   232 | D        | Noticed a black bear
   238 | D        | Killed a black bear
   239 | D        | Reached XP level 3. HP: 5/38 MP: 3/6
   239 | D        | Reached XP level 4. HP: 7/45 MP: 3/7
   239 | D        | HP: 2/67 [poisoned by a gnoll sergeant]
   239 | D        | Slain by a gnoll sergeant

Illustrated notes

Levels and vault maps discovered:
D:        linesprint [early_d, line_temple, items_1, d_10, items_2, lair_1,
          lair_end, items_3, orc_1, orc_end, items_4, d_15, swamp_1, shoals_1,
          snake_1, spider_1, d_20, vaults_1, items_5, swamp_end, shoals_end,
          snake_end, spider_end, vaults_end, d_27, items_6, zot_1, zot_end,
          crypt_end, forest_end, elf_end, slime_end, tomb_end, abyss_end,
          pan_hell_end]

Skill      XL: |  1  2 |
---------------+-------+-----
Invocations    | 1 4 |  4.1
Shields        | 3 4 |  4.5
Fighting       | 4 |  4.9
Axes           | 4 |  4.4
Armour         | 4 |  4.1

Action                     |  1- 3 |  4- 6 || total
---------------------------+-------+-------++-------
  Melee: War axe           |    10 |       ||    10
    Use: Potion            |     3 |       ||     3
 Armour: Scale mail        |    17 |     1 ||    18
  Dodge: Dodged            |     2 |       ||     2
  Block: Buckler           |     3 |       ||     3
